 Dungeon Crawl Stone Soup version 0.24.0-13-gcf9b319 (webtiles) character file.

Game seed: 16701607194896725164, levelgen mode: deterministic

233 Aeroq the Conjurer (level 5, -2/38 HPs)
             Began as a Draconian Conjurer on Dec 31, 2019.
             Slain by an orc
             ... wielding a +0 hand axe
              (6 damage)
             ... on level 7 of the Dungeon.
             The game lasted 00:08:05 (5251 turns).

Aeroq the Conjurer (Draconian Conjurer)             Turns: 5251, Time: 00:08:06

Health: -2/38      AC:  5    Str: 10    XL:     5   Next: 74%
Magic:  1/9        EV: 13    Int: 17    God:
Gold:   169        SH:  0    Dex: 11    Spells: 4/10 levels left

rFire    . . .     SeeInvis .   k - +2 whip (flame)
rCold    . . .     Gourm    .   (no shield)
rNeg     . . .     Faith    .   (armour unavailable)
rPois    .         Spirit   .   (helmet restricted)
rElec    .         Reflect  .   (no cloak)
rCorr    .         Harm     .   (no gloves)
MR       .....                  (no boots)
Stlth    ++........             (no amulet)
HPRegen  0.12/turn              (no ring)
MPRegen  0.11/turn              (no ring)

@: no status effects
A: unfitting armour, cold-blooded, AC +5
a: no special abilities


You were on level 7 of the Dungeon.
You were not hungry.

You visited 2 branches of the dungeon, and saw 6 of its levels.

You collected 169 gold pieces.

Inventory:

Hand Weapons
 c - a +0 spear
 k - a +2 whip of flaming (weapon)
Missiles
 a - 2 throwing nets (quivered)
 m - 6 poisoned darts
Armour
 h - a +0 buckler
Scrolls
 e - 2 scrolls of remove curse
 g - 2 scrolls of identify
Potions
 d - a potion of brilliance
 f - a potion of curing {unknown}
 n - 2 potions of heal wounds {unknown}
 o - a potion of haste {unknown}
 q - a potion of agility {unknown}
Comestibles
 b - 10 rations


   Skills:
 + Level 2.9 Dodging
 - Level 1.7 Stealth
 + Level 1.9 Shields
 + Level 3.0 Spellcasting
 * Level 5.5 Conjurations


You had 4 spell levels left.
You knew the following spells:

 Your Spells              Type           Power        Failure   Level  Hunger
a - Magic Dart            Conj           ###.         1%          1    None
b - Searing Ray           Conj           ###...       2%          2    ##.....
c - Dazzling Spray        Conj/Hex       ##....       17%         3    ###....

Your spell library contained the following spells:

 Spells                   Type           Power        Failure   Level  Hunger
 Iskenderun's Mystic Bla  Conj           ###.....     19%         4    ####...
 Force Lance              Conj/Tloc      ##......     50%         4    ####...
 Fulminant Prism          Conj/Hex       ##........   50%         4    ####...


Dungeon Overview and Level Annotations

Branches:
Dungeon (4/15)             Temple (1/1) D:4

Altars:
Ashenzari
Fedhas
Gozag
Kikubaaqudgha
Nemelex Xobeh
Okawaru
Qazlal
Uskayaw
Wu Jian
Yredelemnul
Zin

Shops:
D:7 %


Innate Abilities, Weirdness & Mutations

Your plain brown scales are hard. (AC +5)
You cannot fit into any form of body armour.
You are cold-blooded and may be slowed by cold attacks.


Message History

Confirm with . or Enter, or press ? or * to list all spells.
You can't see any susceptible monsters within range! (Use Z to cast anyway.)
Casting: Magic Dart (safe; 1% risk of failure)
Confirm with . or Enter, or press ? or * to list all spells.
You can't see any susceptible monsters within range! (Use Z to cast anyway.)
Casting: Magic Dart (safe; 1% risk of failure)
Confirm with . or Enter, or press ? or * to list all spells.
You can't see any susceptible monsters within range! (Use Z to cast anyway.)
An orc comes into view. It is wielding a +0 hand axe.
The orc shouts!
An orc is nearby!
The orc hits you with a +0 hand axe.
* * * LOW HITPOINT WARNING * * *
All of the chunks of flesh in your inventory have rotted away.
You barely miss the orc. The orc hits you but does no damage.
You hit the orc but do no damage. The orc hits you with a +0 hand axe.
* * * LOW HITPOINT WARNING * * *
You barely miss the orc. The orc hits you but does no damage.
You hit the orc but do no damage. The orc hits you with a +0 hand axe.
You die...

#.# #.# #.# #.#
#.# #.######
#......#
.########.####...
......o@.........
#########.#######
#.# #.# ..# ###


You could see an orc.

Vanquished Creatures
  A crimson imp (D:7)
  A hound (D:4)
  4 adders
  3 gnolls (D:4)
  An ooze (D:2)
  2 worms (D:3)
  A dart slug (D:1)
  3 leopard geckos
  12 orcs (D:3)
  2 bats
  3 giant cockroaches
  4 goblins
  5 hobgoblins
  4 jackals (D:1)
  12 kobolds
  A quokka (D:3)
  2 ball pythons
  3 frilled lizards
  9 rats
73 creatures vanquished.

Notes
Turn   | Place    | Note
-------+----------+-------------------------------------------
     0 | D:1      | Aeroq the Draconian Conjurer began the quest for the Orb.
     0 | D:1      | Reached XP level 1. HP: 14/14 MP: 3/3
   473 | D:1      | Reached XP level 2. HP: 13/20 MP: 1/5
  1511 | D:1      | Reached XP level 3. HP: 26/26 MP: 4/6
  2378 | D:2      | Learned a level 2 spell: Searing Ray
  2505 | D:2      | Reached XP level 4. HP: 31/33 MP: 1/7
  2724 | D:3      | Reached skill level 1 in Shields
  3234 | D:3      | Reached skill level 5 in Conjurations
  4652 | D:4      | Found a staircase to the Ecumenical Temple.
  4672 | D:4      | Reached XP level 5. HP: 25/38 MP: 5/9
  4782 | Temple   | Entered the Ecumenical Temple
  5032 | D:4      | Learned a level 3 spell: Dazzling Spray
  5211 | D:4      | You fall into a shaft and drop 3 floors!
  5211 | D:7      | Found Innuekkaof's Food Emporium.
  5212 | D:7      | Noticed a steam dragon
  5251 | D:7      | Slain by an orc

Levels and vault maps discovered:
D:1:      lightli_arrival_boilingwater, layout_loops_ring, serial_park_tiny_2,
          roderic_roman_lattice, minmay_misc_feat_columns
D:2:      layout_basic
D:3:      layout_basic, first_ration, kennysheep_nondescript
D:4:      layout_basic, amethyst_overflow_temple_binary,
          minmay_temple_entry_arrows, serial_shops, shop,
          nemelex_diamond_rough_becter
D:7:      layout_loops_ring, led_sif_book, serial_shops, shop
Temple:   minmay_temple_curvy_loop

Skill      XL: |  1  2  3  4  5 |
---------------+----------------+-----
Dodging        | 2 |  2.9
Shields        | 1 |  1.9
Conjurations   | 5 |  5.5
Spellcasting   | 3 |  3.0
Stealth        | |  1.7

Action                   |  1- 3 |  4- 6 || total
-------------------------+-------+-------++-------
Melee: Spear             |    76 |       ||    76
       Unarmed           |     4 |       ||     4
       Tailslap          |    11 |     8 ||    19
       Whip              |    14 |    98 ||   112
 Cast: Magic Dart        |    43 |     7 ||    50
       Searing Ray       |       |     9 ||     9
  Use: Scroll            |       |     5 ||     5
 Stab: Sleeping          |     1 |       ||     1
  Eat: Chunk             |     2 |     7 ||     9
       Ration            |     1 |     1 ||     2
Armor: Skin              |    36 |    35 ||    71
Dodge: Dodged            |    89 |    92 ||   181
